 Dungeon Crawl Stone Soup version 0.30.1-11-g7821555f0a (webtiles) character file.

Game seed: 3375823404034830871

133 fireball365 the Trooper (level 5, -2/47 HPs)
             Began as a Hill Orc Fighter on Dec 1, 2023.
             Slain by Pargi (4 damage)
             ... on level 3 of the Dungeon.
             The game lasted 00:04:06 (2317 turns).

fireball365 the Trooper (Hill Orc Fighter)          Turns: 2317, Time: 00:04:07

Health: -2/47      AC:  9    Str: 21    XL:     5   Next: 16%
Magic:  5/5        EV:  8    Int:  8    God:
Gold:   167        SH:  4    Dex: 10    Spells: 4/4 levels left

rFire   . . .        a - +0 war axe
rCold   . . .        c - +0 buckler
rNeg    . . .        i - +0 chain mail
rPois   .            (no helmet)
rElec   .            (no cloak)
rCorr   .            (no gloves)
SInv    .            (no boots)
Will    +....        (no amulet) Stlth
                     q - ring of willpower
HPRegen 0.27/turn    p - ring of flight
MPRegen 0.09/turn

%: no passive effects
@: flying
A: no striking features
a: no special abilities


You were on level 3 of the Dungeon.
You visited 1 branch of the dungeon, and saw 3 of its levels.

You collected 167 gold pieces.

Inventory:

Hand Weapons
 a - a +0 war axe (weapon)
Armour
 b - a +0 scale mail
 c - a +0 buckler (worn)
 i - a +0 chain mail (worn)
Jewellery
 p - a ring of flight (right hand)
 q - a ring of willpower (left hand)
Scrolls
 e - a scroll of identify
 l - a scroll of enchant weapon {unknown}
 m - a scroll of noise
Potions
 d - a potion of might
 g - 2 potions of haste
 h - a potion of ambrosia {unknown}
 j - a potion of invisibility {unknown}
 k - a potion of cancellation {unknown}
 n - a potion of curing {unknown}
 o - a potion of berserk rage {unknown}


   Skills:
 + Level 4.8 Fighting
 + Level 4.3 Axes
 + Level 4.2 Armour
 + Level 0.3 Dodging
 + Level 0.1 Stealth
 + Level 3.5 Shields


You had 4 spell levels left.
You didn't know any spells.
Your spell library contained the following spells:

 Spells                   Type           Power      Damage    Failure   Level
 Call Canine Familiar     Summ           0%         N/A       100%        3
 Portal Projectile        Hex/Tloc       0%         N/A       100%        3
 Leda's Liquefaction      Hex/Erth       0%         N/A       100%        4


Dungeon Overview and Level Annotations

Branches:
Dungeon (3/15)

Altars:

Annotations:
D:1 1 transporter
D:3 Pargi


Message History

Found 2 stones.
As you read the scroll labelled OXEWNEG FIMOATZ, it crumbles to dust.
It was a scroll of blinking.
The gnoll throws a throwing net.
You block the throwing net. The bat hits you but does no damage.
You slash the bat!
You kill the bat!
The endoplasm attacks as you move away!
The endoplasm hits you but does no damage.
Pargi looks around nervously.
The gnoll hits you with a +0 whip.
* * * LOW HITPOINT WARNING * * *
You see here a bat corpse.
The gnoll attacks as you move away! The gnoll hits you but does no damage.
Found a robe.
The gnoll hits you with a +0 whip.
* * * LOW HITPOINT WARNING * * *
The gnoll closely misses you. The endoplasm freezes you.
You are frozen.
* * * LOW HITPOINT WARNING * * *
You block the gnoll's attack. The endoplasm hits you.
* * * LOW HITPOINT WARNING * * *
The gnoll hits you with a +0 club.
* * * LOW HITPOINT WARNING * * *
You slash the gnoll!
You kill the gnoll!
You closely miss the gnoll. You hit the endoplasm.
The gnoll barely misses you. x2
The endoplasm closely misses you. You block the gnoll's attack.
The gnoll closely misses you. The endoplasm closely misses you.
Things that are here:
a +0 whip; a gnoll corpse You slash the endoplasm!
You kill the endoplasm!
You barely miss the gnoll. x2; The gnoll closely misses you. x2
You barely miss Pargi. You closely miss the gnoll. You slash the gnoll!
Pargi bites you.
You die...

...# .. ####
...# ... #..#
##.# .... #[.#
#.#
....#+#..#######
#.#
...........(...#
#.#
...............#
#.#
...............#
#.# #..g......#
#.# #.@T......#
#.# #..g......##
#.# ####†......#
##.#
#..(.......#
.#.#
#..........#
.#.#
#..........#
.#.######
#..........#
........#
#..........#
.######.#
########)###


You could see Pargi and 2 gnolls.

Vanquished Creatures
  3 gnolls
  4 adders
  A worm (D:2)
  A dart slug (D:3)
  4 orcs (D:2)
  6 endoplasms
  A giant cockroach (D:2)
  4 goblins
  3 hobgoblins (D:1)
  3 jackals (D:2)
  7 kobolds
  3 quokkas
  4 ball pythons
  5 bats
  5 frilled lizards
  7 rats
61 creatures vanquished.

Notes
Turn   | Place    | Note
-------+----------+-------------------------------------------
     0 | D:1      | fireball365 the Hill Orc Fighter began the quest for the
                  | Orb.
     0 | D:1      | Reached XP level 1. HP: 19/19 MP: 1/1
   211 | D:1      | Reached XP level 2. HP: 22/27 MP: 2/2
   288 | D:1      | Reached XP level 3. HP: 34/34 MP: 3/3
  1271 | D:2      | Reached XP level 4. HP: 28/41 MP: 4/4
  2284 | D:3      | Noticed Pargi
  2294 | D:3      | Reached XP level 5. HP: 40/47 MP: 5/5
  2313 | D:3      | HP: 1/47 [gnoll/+0 club (4)]
  2317 | D:3      | Slain by Pargi

Illustrated notes

Levels and vault maps discovered:
D:1:      spicycebolla_arrival_transporter_tutorial, layout_basic,
          minmay_misc_feat_plants, minmay_tripent
D:2:      layout_basic
D:3:      layout_basic, uniq_pargi

Skill      XL: |  1  2  3  4 |
---------------+-------------+-----
Fighting       | 4 |  4.8
Axes           | 3 4 |  4.3
Armour         | 4 |  4.2
Dodging        | |  0.3
Stealth        | |  0.1
Shields        | |  3.5

Action                     |  1- 3 |  4- 6 || total
---------------------------+-------+-------++-------
  Melee: War axe           |    92 |    74 ||   166
    Use: Scroll            |       |     4 ||     4
 Armour: Scale mail        |    18 |       ||    18
         Chain mail        |    38 |    47 ||    85
  Dodge: Dodged            |    42 |    38 ||    80
  Block: Buckler           |    33 |    28 ||    61
